[Event "ICC tourney 2308 (3 2)"]
[Site "Internet Chess Club"]
[Date "2021.01.15"]
[Round "3"]
[White "YKQ"]
[Black "Retrospective"]
[Result "0-1"]
[ICCResult "White resigns"]
[WhiteElo "2550"]
[BlackElo "2668"]
[Opening "Old Benoni defense"]
[ECO "A43"]
[NIC "OI.09"]
[Time "20:31:09"]
[PlyCount "68"]
[TimeControl "180+2"]

1. d4 c5 2. e3 Nf6 3. Nf3 g6 4. b3 Bg7 5. Bb2 O-O 6. Nbd2 cxd4 7. Nxd4 d5
8. Be2 e5 9. N4f3 e4 10. Nd4 Nc6 11. Nxc6 bxc6 12. c4 h5 13. cxd5 cxd5 14.
Bd4 Be6 15. Qc2 Ne8 16. Qb2 Bxd4 17. Qxd4 Nd6 18. Rd1 Qa5 19. Qb2 Rac8 20.
O-O Qc3 21. Qa3 Nf5 22. Nb1 Qc5 23. Rc1 Qxa3 24. Nxa3 d4 25. exd4 Nxd4 26.
Ba6 Rxc1 27. Rxc1 Rd8 28. Kf1 f5 29. Nc4 f4 30. Ne5 Kg7 31. Nc6 Nxc6 32.
Rxc6 Bg4 33. Be2 f3 34. gxf3 exf3 { White resigns } 0-1

[Event "ICC tourney 2308 (3 2)"]
[Site "Internet Chess Club"]
[Date "2021.01.15"]
[Round "3"]
[White "RatislavK"]
[Black "DrKnight01"]
[Result "1-0"]
[ICCResult "Black resigns"]
[WhiteElo "1533"]
[BlackElo "1216"]
[Opening "King's pawn game"]
[ECO "C50"]
[NIC "IG.03"]
[Time "20:31:16"]
[PlyCount "63"]
[TimeControl "180+2"]

1. e4 e5 2. Nf3 Nc6 3. Bc4 h6 4. d4 exd4 5. Nxd4 Bc5 6. Nxc6 bxc6 7. Bxf7+
Kf8 8. Qf3 Nf6 9. Bb3 Bb7 10. e5 Qe7 11. Bf4 Ke8 12. O-O Nd5 13. Qh5+ Kd8
14. Bg3 Kc8 15. Nd2 Ba6 16. Rfe1 Kb7 17. Ne4 Raf8 18. Nxc5+ Qxc5 19. e6
dxe6 20. Rxe6 Ka8 21. Re5 Qb6 22. Bxd5 cxd5 23. Rxd5 Qxb2 24. Rad1 Qb4 25.
Rd7 Rd8 26. Rxd8+ Rxd8 27. Rxd8+ Kb7 28. Rd1 Qc3 29. Qd5+ Kb8 30. Qd8+ Kb7
31. Rb1+ Kc6 32. Qxc7+ { Black resigns } 1-0

[Event "ICC tourney 2308 (3 2)"]
[Site "Internet Chess Club"]
[Date "2021.01.15"]
[Round "3"]
[White "Gnanathan"]
[Black "arunjayanthi"]
[Result "0-1"]
[ICCResult "White forfeits on time"]
[WhiteElo "1101"]
[BlackElo "1524"]
[Opening "Sicilian: O'Kelly variation"]
[ECO "B28"]
[NIC "SI.43"]
[Time "20:31:58"]
[PlyCount "32"]
[TimeControl "180+2"]

1. e4 c5 2. Nf3 a6 3. d4 cxd4 4. Nxd4 Nf6 5. Nc3 e5 6. Nf5 d5 7. Ng3 d4 8.
Nce2 Qa5+ 9. c3 Bg4 10. Qc2 Nc6 11. Bd2 dxc3 12. Bxc3 Bb4 13. h3 Bxe2 14.
Bxe2 Nd4 15. Qd2 Nxe2 16. Bxb4 Qb5 { White forfeits on time } 0-1

[Event "ICC tourney 2308 (3 2)"]
[Site "Internet Chess Club"]
[Date "2021.01.15"]
[Round "3"]
[White "elshan-defence"]
[Black "kurumania"]
[Result "0-1"]
[ICCResult "White resigns"]
[WhiteElo "2624"]
[BlackElo "2514"]
[Opening "Queen's pawn game, Darooha variation "]
[ECO "D02"]
[NIC "QP.09"]
[Time "20:31:58"]
[PlyCount "58"]
[TimeControl "180+2"]

1. Nf3 d5 2. d4 Nf6 3. c4 e6 4. g3 g6 5. Bg2 Bg7 6. Bg5 O-O 7. Nbd2 Nbd7 8.
O-O h6 9. Bf4 Nh5 10. Be3 f5 11. cxd5 exd5 12. Nh4 f4 13. Bxd5+ Kh7 14. Be4
fxe3 15. Bxg6+ Kh8 16. Bxh5 exd2 17. Ng6+ Kg8 18. Nxf8 Nxf8 19. Qxd2 Qxd4
20. Rfd1 Qxb2 21. Qd8 Qb5 22. Be8 Qxe2 23. Re1 Qf3 24. Re3 Bh3 25. Rxf3
Rxd8 26. Re1 Kh8 27. Rf7 Ne6 28. Bb5 Ng5 29. Rf4 Be5 { White resigns } 0-1

[Event "ICC tourney 2308 (3 2)"]
[Site "Internet Chess Club"]
[Date "2021.01.15"]
[Round "3"]
[White "PappusChain923"]
[Black "hackerguru"]
[Result "1-0"]
[ICCResult "Black resigns"]
[WhiteElo "2147"]
[BlackElo "1750"]
[Opening "Nimzo-Indian: classical variation"]
[ECO "E32"]
[NIC "NI.20"]
[Time "20:31:19"]
[PlyCount "85"]
[TimeControl "180+2"]

1. d4 Nf6 2. c4 e6 3. Nc3 Bb4 4. Qc2 O-O 5. a3 Bxc3+ 6. Qxc3 d6 7. Bg5 h6
8. Bxf6 Qxf6 9. Nf3 Nd7 10. e4 e5 11. d5 a5 12. Be2 a4 13. O-O Nc5 14. Nd2
Bd7 15. f4 Qe7 16. f5 f6 17. Bh5 c6 18. Rf3 cxd5 19. cxd5 Be8 20. Bxe8 Qxe8
21. Re1 Rc8 22. Qe3 Rf7 23. Nc4 Qd7 24. Nb6 Qc7 25. Nxc8 Qxc8 26. Rc1 Kh7
27. Rg3 Rc7 28. Rc3 Nb3 29. Qe2 Nd4 30. Qg4 Qd7 31. h3 b5 32. Kh2 Rc4 33.
Qg6+ Kh8 34. Rxc4 bxc4 35. Rc3 Qc8 36. Qf7 Nb5 37. Rg3 Qg8 38. Qd7 Nd4 39.
Qxd6 Ne2 40. Rg6 Nf4 41. Qe7 Nxg6 42. fxg6 f5 43. d6 { Black resigns } 1-0

[Event "ICC tourney 2308 (3 2)"]
[Site "Internet Chess Club"]
[Date "2021.01.15"]
[Round "3"]
[White "CheddarCheng1"]
[Black "ved2006"]
[Result "0-1"]
[ICCResult "White resigns"]
[WhiteElo "1424"]
[BlackElo "1686"]
[Opening "French: advance, Paulsen attack"]
[ECO "C02"]
[NIC "FR.03"]
[Time "20:31:02"]
[PlyCount "116"]
[TimeControl "180+2"]

1. e4 e6 2. d4 d5 3. e5 c5 4. c3 Nc6 5. Nf3 Qb6 6. a3 Bd7 7. b4 cxd4 8.
cxd4 Nge7 9. Bb2 Nf5 10. Be2 Be7 11. O-O O-O 12. Kh1 a6 13. Nc3 Na7 14. g4
Nh6 15. h3 Nb5 16. Na4 Qa7 17. Rc1 a5 18. Nc5 Bxc5 19. bxc5 Qb8 20. a4 Na7
21. Bc3 Qc7 22. Rb1 Bc6 23. Bd2 Nc8 24. Bxh6 gxh6 25. Qd2 Bxa4 26. Qxh6 Bc2
27. Ra1 a4 28. g5 Ne7 29. Nh4 Nf5 30. Nxf5 Bxf5 31. Bg4 Bg6 32. f4 Be4+ 33.
Kh2 Qa5 34. Ra2 Qb4 35. f5 exf5 36. Bxf5 Bxf5 37. Rxf5 Qxd4 38. g6 fxg6 39.
Rxf8+ Rxf8 40. Qg5 Qxc5 41. e6 Qd6+ 42. Kg2 Rf5 43. Qg3 Qxg3+ 44. Kxg3 Re5
45. Rxa4 Rxe6 46. Rb4 b6 47. Kf4 Kf7 48. h4 Re4+ 49. Rxe4 dxe4 50. Kxe4 Ke6
51. Kd4 Kf5 52. Kd5 Kg4 53. Kc6 Kxh4 54. Kxb6 g5 55. Kc5 g4 56. Kd4 Kh3 57.
Ke3 Kh2 58. Kf2 g3+ { White resigns } 0-1

[Event "ICC tourney 2308 (3 2)"]
[Site "Internet Chess Club"]
[Date "2021.01.15"]
[Round "3"]
[White "DejaVu"]
[Black "baldwinsthename"]
[Result "1-0"]
[ICCResult "Black checkmated"]
[WhiteElo "1850"]
[BlackElo "1272"]
[Opening "Ruy Lopez: closed defense"]
[ECO "C87"]
[NIC "RL.13"]
[Time "20:32:18"]
[PlyCount "97"]
[TimeControl "180+2"]

1. e4 e5 2. Nf3 Nc6 3. Bb5 a6 4. Ba4 Nf6 5. O-O Be7 6. Re1 O-O 7. c3 b5 8.
Bc2 d6 9. d4 Re8 10. h3 h6 11. Nbd2 Bd7 12. Nf1 Na5 13. b3 Qc8 14. N1h2 c5
15. d5 c4 16. b4 Nb7 17. a4 Nd8 18. Be3 Nh5 19. Qd2 Kh7 20. Ra2 f5 21. exf5
Bxf5 22. Rea1 Nf7 23. g4 Bxc2 24. Qxc2+ Kh8 25. gxh5 bxa4 26. Rxa4 Qxh3 27.
Qe4 Qxh5 28. Qg4 Qxg4+ 29. Nxg4 e4 30. Nd4 h5 31. Nh2 Ne5 32. Rxa6 Rac8 33.
Nc6 Bf6 34. b5 Nf3+ 35. Nxf3 exf3 36. R1a3 g5 37. b6 Bd8 38. b7 Rxc6 39.
dxc6 Bc7 40. Ra8 Rb8 41. Rxb8+ Bxb8 42. Ra8 Kg7 43. Rxb8 Kf6 44. Re8 g4 45.
b8=Q Kf5 46. Qxd6 g3 47. Qf4+ Kg6 48. Rg8+ Kh7 49. Qf7# { Black checkmated
} 1-0

[Event "ICC tourney 2308 (3 2)"]
[Site "Internet Chess Club"]
[Date "2021.01.15"]
[Round "3"]
[White "kittypuppy"]
[Black "muzikmixer"]
[Result "1-0"]
[ICCResult "Black forfeits on time"]
[WhiteElo "1058"]
[BlackElo "1633"]
[Opening "Old Indian defense"]
[ECO "A42"]
[NIC "OI.07"]
[Time "20:31:06"]
[PlyCount "73"]
[TimeControl "180+2"]

1. d4 d6 2. c4 e5 3. Nc3 Be7 4. Nf3 Nd7 5. e3 Ngf6 6. Bd3 c6 7. O-O O-O 8.
b4 exd4 9. exd4 d5 10. c5 Ne4 11. Nxe4 dxe4 12. Bxe4 Bf6 13. Bf4 Re8 14.
Bf5 Nf8 15. Bxc8 Rxc8 16. Re1 Qd5 17. Rxe8 Rxe8 18. Qd3 Ne6 19. Rd1 Nxf4
20. Qd2 Qf5 21. g3 Nh3+ 22. Kg2 Ng5 23. Nxg5 Bxg5 24. Qd3 Qxd3 25. Rxd3 Re2
26. a3 g6 27. h4 Bf6 28. d5 cxd5 29. Rxd5 Ra2 30. Rd7 Rxa3 31. Rxb7 Bd4 32.
c6 Ra2 33. c7 Rxf2+ 34. Kh3 Rc2 35. Rb8+ Kg7 36. c8=Q Rxc8 37. Rxc8 { Black
forfeits on time } 1-0

[Event "ICC tourney 2308 (3 2)"]
[Site "Internet Chess Club"]
[Date "2021.01.15"]
[Round "3"]
[White "drberkley"]
[Black "clair"]
[Result "1-0"]
[ICCResult "Black checkmated"]
[WhiteElo "1952"]
[BlackElo "1681"]
[Opening "Robatsch (modern) defense"]
[ECO "B06"]
[NIC "KF.06"]
[Time "20:31:48"]
[PlyCount "91"]
[TimeControl "180+2"]

1. e4 g6 2. Nc3 Bg7 3. f4 e6 4. Nf3 Ne7 5. d4 d5 6. e5 b6 7. Be3 O-O 8. Bf2
Ba6 9. Bxa6 Nxa6 10. O-O Rc8 11. Nb5 Nf5 12. Nxa7 Rb8 13. Nc6 Qc8 14. Nxb8
Qxb8 15. c3 c5 16. a3 h6 17. g4 Ne7 18. Bh4 Nc6 19. Qe2 Qa7 20. b4 Nc7 21.
Rfc1 cxd4 22. cxd4 Qb7 23. Qc2 g5 24. Bg3 gxf4 25. Bxf4 Ne7 26. Qxc7 Qxc7
27. Rxc7 Ng6 28. Bg3 Rb8 29. Rac1 Nf8 30. Rc8 Rxc8 31. Rxc8 Kh7 32. Rb8 Nd7
33. Rb7 Nf8 34. Rxb6 f6 35. a4 fxe5 36. Bxe5 Nd7 37. Rb7 Nxe5 38. Nxe5 Kg8
39. a5 Bf8 40. a6 Bxb4 41. Rxb4 Kg7 42. a7 Kf6 43. a8=Q Kg5 44. Qd8+ Kf4
45. Qf6+ Ke4 46. Qf3# { Black checkmated } 1-0

[Event "ICC tourney 2308 (3 2)"]
[Site "Internet Chess Club"]
[Date "2021.01.15"]
[Round "3"]
[White "BrodskyUTD"]
[Black "Goran21"]
[Result "0-1"]
[ICCResult "White forfeits on time"]
[WhiteElo "2564"]
[BlackElo "2008"]
[Opening "Sicilian: closed"]
[ECO "B23"]
[NIC "SI.44"]
[Time "20:31:07"]
[PlyCount "114"]
[TimeControl "180+2"]

1. e4 c5 2. Nc3 d6 3. d4 cxd4 4. Qxd4 a6 5. b3 Nc6 6. Qd2 g6 7. Bb2 Bh6 8.
f4 Nf6 9. O-O-O O-O 10. Kb1 Bg4 11. Be2 Rc8 12. h3 Bxe2 13. Ngxe2 b5 14.
Qe3 b4 15. Nd5 Nxd5 16. exd5 Ne5 17. Qd4 Qc7 18. Rc1 f6 19. g4 Nd7 20. Qxb4
Nc5 21. Nd4 Bxf4 22. Rce1 Be5 23. Qd2 Bxd4 24. Bxd4 Rf7 25. h4 a5 26. g5 f5
27. Bb2 Nd7 28. h5 Ne5 29. Bxe5 dxe5 30. hxg6 hxg6 31. Rh6 Rg7 32. Qh2 Kf7
33. Rh7 Rg8 34. Rxg7+ Rxg7 35. Rxe5 Qd6 36. Qe2 Ke8 37. Kb2 Rh7 38. a4 Rh5
39. Re6 Rh2 40. Rxd6 Rxe2 41. Rxg6 Kf7 42. Rh6 f4 43. Rh3 Kg6 44. b4 axb4
45. a5 Rd2 46. Kb3 Rxd5 47. Kxb4 Kxg5 48. a6 Rd8 49. Kb5 Kg4 50. Rh1 f3 51.
a7 e5 52. Kb6 e4 53. Kb7 e3 54. a8=Q Rxa8 55. Kxa8 f2 56. Rf1 Kf3 57. c4 e2
{ White forfeits on time } 0-1

[Event "ICC tourney 2308 (3 2)"]
[Site "Internet Chess Club"]
[Date "2021.01.15"]
[Round "3"]
[White "bnielsen19"]
[Black "HR2005"]
[Result "0-1"]
[ICCResult "White resigns"]
[WhiteElo "1565"]
[BlackElo "2041"]
[Opening "Sicilian: closed, Smyslov variation"]
[ECO "B24"]
[NIC "SI.44"]
[Time "20:31:06"]
[PlyCount "124"]
[TimeControl "180+2"]

1. e4 c5 2. Nc3 Nc6 3. g3 g6 4. Bg2 Bg7 5. d3 e6 6. Be3 Nd4 7. Nce2 d6 8.
c3 Nxe2 9. Nxe2 Ne7 10. Qd2 O-O 11. Bh6 d5 12. h4 f6 13. Bxg7 Kxg7 14. h5
g5 15. f4 h6 16. fxg5 fxg5 17. O-O-O Rf2 18. Bh3 e5 19. Qe3 Rf6 20. Bxc8
Rxc8 21. exd5 Qxd5 22. Kb1 Nf5 23. Qd2 Rd8 24. g4 Nd6 25. Ng3 Qf3 26. Qe1
Qxg4 27. Qxe5 Re8 28. Qxc5 Qxg3 29. Qxa7 Qe3 30. Qa4 Qb6 31. d4 Rf2 32. b3
Ree2 33. Qd7+ Nf7 34. Qa4 Rb2+ 35. Ka1 Rxa2+ 36. Qxa2 Rxa2+ 37. Kxa2 Nd6
38. Kb2 Qc6 39. d5 Qc5 40. c4 b5 41. Rc1 bxc4 42. bxc4 Nxc4+ 43. Kb3 Qb5+
44. Kc3 Qxd5 45. Rhd1 Qc5 46. Kb3 Nd2+ 47. Kb2 Qb4+ 48. Kc2 Ne4 49. Rd7+
Kf6 50. Rf1+ Ke6 51. Rfd1 Qc3+ 52. Kb1 Qb3+ 53. Kc1 Qa3+ 54. Kc2 Qa2+ 55.
Kc1 Qc4+ 56. Kb2 Qb5+ 57. Kc2 Qxd7 58. Rxd7 Kxd7 59. Kd3 Ng3 60. Ke3 Nxh5
61. Kf3 Ng7 62. Kg4 Ke6 { White resigns } 0-1

[Event "ICC tourney 2308 (3 2)"]
[Site "Internet Chess Club"]
[Date "2021.01.15"]
[Round "3"]
[White "coolsportsguy"]
[Black "ChiefDas"]
[Result "1-0"]
[ICCResult "Black resigns"]
[WhiteElo "2330"]
[BlackElo "1857"]
[Opening "Queen's pawn, Mason variation"]
[ECO "D00"]
[NIC "QP.08"]
[Time "20:31:10"]
[PlyCount "71"]
[TimeControl "180+2"]

1. d4 d5 2. Bf4 Nf6 3. e3 c5 4. c3 Nc6 5. Nd2 e6 6. Bd3 Bd6 7. dxc5 Bxc5 8.
Ngf3 b6 9. O-O Bb7 10. Qe2 O-O 11. e4 d4 12. e5 Nd5 13. Bg5 Be7 14. Bxe7
Qxe7 15. cxd4 Nf4 16. Qe4 Nxd3 17. Qxd3 Rad8 18. a3 Rd7 19. Ne4 Rfd8 20.
Nd6 Na5 21. Rac1 Bxf3 22. Qxf3 Nb7 23. Nxb7 Rxb7 24. d5 exd5 25. Rfe1 Qe6
26. h3 Rbd7 27. b4 d4 28. Qd3 h6 29. f4 Qa2 30. Re2 Qd5 31. Rec2 a5 32. Rc6
axb4 33. axb4 Rb7 34. b5 Qa2 35. Rd6 Rxd6 36. Rc8+ { Black resigns } 1-0

[Event "ICC tourney 2308 (3 2)"]
[Site "Internet Chess Club"]
[Date "2021.01.15"]
[Round "3"]
[White "mhebden"]
[Black "chessrex"]
[Result "1-0"]
[ICCResult "Black checkmated"]
[WhiteElo "2503"]
[BlackElo "1949"]
[Opening "Queen's pawn: Charlick (Englund) gambit"]
[ECO "A40"]
[NIC "QO.17"]
[Time "20:31:19"]
[PlyCount "145"]
[TimeControl "180+2"]

1. d4 e5 2. dxe5 Nc6 3. Nf3 Nge7 4. Bf4 Ng6 5. Bg3 Qe7 6. Nc3 Qb4 7. Rb1
Qa5 8. e3 Bb4 9. Qd2 O-O 10. a3 Bxc3 11. Qxc3 Qxc3+ 12. bxc3 Re8 13. Nd4 a6
14. f4 d6 15. exd6 cxd6 16. Kd2 Re7 17. Bd3 Nxd4 18. cxd4 f5 19. Rb6 d5 20.
Rhb1 Rc7 21. Rd6 Ne7 22. Bh4 Ng6 23. Bg5 Kf7 24. Rxd5 Be6 25. Rd6 h6 26.
Bd8 Rd7 27. Rxd7+ Bxd7 28. Bb6 Rc8 29. Bc5 Bc6 30. Bxf5 Re8 31. g4 Ne7 32.
Bxe7 Rxe7 33. Bd3 Bf3 34. h3 Bg2 35. h4 Bf3 36. g5 hxg5 37. hxg5 g6 38. a4
Bc6 39. Rb6 Bxa4 40. Bxg6+ Kg7 41. f5 Rc7 42. c3 Bb5 43. Bh5 Bc6 44. f6+
Kh7 45. Be2 Kg6 46. f7 Kxf7 47. Bd3 Kg7 48. e4 a5 49. d5 Bd7 50. e5 Bc8 51.
d6 Rc5 52. Rb5 Rc6 53. Rxa5 Bd7 54. c4 Rb6 55. c5 Rb2+ 56. Kc3 Rg2 57. Be4
Rxg5 58. Bxb7 Rxe5 59. c6 Rxa5 60. cxd7 Rb5 61. d8=Q Rxb7 62. Qc7+ Rxc7+
63. dxc7 Kf7 64. c8=Q Ke7 65. Qc6 Kf7 66. Qd6 Kg7 67. Qe6 Kh7 68. Qf6 Kg8
69. Qe7 Kh8 70. Kd4 Kg8 71. Ke5 Kh8 72. Kf6 Kg8 73. Qg7# { Black checkmated
} 1-0

[Event "ICC tourney 2308 (3 2)"]
[Site "Internet Chess Club"]
[Date "2021.01.15"]
[Round "3"]
[White "vikram251107"]
[Black "leilei8514"]
[Result "0-1"]
[ICCResult "White resigns"]
[WhiteElo "2002"]
[BlackElo "1397"]
[Opening "Sicilian defense"]
[ECO "B33"]
[NIC "SI.32"]
[Time "20:31:15"]
[PlyCount "84"]
[TimeControl "180+2"]

1. e4 c5 2. Nf3 Nc6 3. d4 cxd4 4. Nxd4 Nf6 5. f3 e5 6. Nb3 Nxe4 7. fxe4
Qh4+ 8. Kd2 Qf4+ 9. Ke1 Qxe4+ 10. Qe2 Qh4+ 11. g3 Qf6 12. Nc3 Bb4 13. Bd2
O-O 14. Bg2 d6 15. Rf1 Qd8 16. a3 Nd4 17. Nxd4 exd4 18. Ne4 Bxd2+ 19. Kxd2
d5 20. Nc5 Qb6 21. b4 a5 22. Nd3 axb4 23. Nxb4 Bd7 24. Bxd5 Rxa3 25. Qc4
Rxa1 26. Rxa1 Qh6+ 27. Ke1 Qxh2 28. Qxd4 Qxg3+ 29. Qf2 Qe5+ 30. Qe2 Qxa1+
31. Kf2 Qd4+ 32. Qe3 Qxb4 33. Qf4 Qc5+ 34. Kg3 Qxd5 35. Kh2 Qe6 36. Kg3
Qg6+ 37. Kf2 Qxc2+ 38. Kg3 Qg6+ 39. Kf2 h5 40. Qh4 Qg4 41. Qe7 Re8 42. Qxd7
Re2+ { White resigns } 0-1

[Event "ICC tourney 2308 (3 2)"]
[Site "Internet Chess Club"]
[Date "2021.01.15"]
[Round "3"]
[White "Ben2008"]
[Black "jy2020"]
[Result "0-1"]
[ICCResult "White resigns"]
[WhiteElo "1900"]
[BlackElo "2213"]
[Opening "Sicilian: Najdorf, Opocensky variation"]
[ECO "B92"]
[NIC "SI.11"]
[Time "20:31:02"]
[PlyCount "122"]
[TimeControl "180+2"]

1. e4 c5 2. Nf3 d6 3. d4 cxd4 4. Nxd4 Nf6 5. Nc3 a6 6. Be2 e5 7. Nb3 Be7 8.
Be3 O-O 9. O-O Nbd7 10. f3 b5 11. Nd5 Nxd5 12. Qxd5 Rb8 13. Rad1 Bb7 14.
Qd2 Rc8 15. Na5 Ba8 16. c4 Rb8 17. cxb5 axb5 18. Ba7 Rc8 19. Bxb5 Nc5 20.
Nc4 Qc7 21. Bxc5 Qxc5+ 22. Ne3 Qxb5 23. Nf5 Rfe8 24. Nxe7+ Rxe7 25. Qxd6
Re6 26. Qd7 Qxd7 27. Rxd7 Bc6 28. Rd2 Kf8 29. Rc1 Ke7 30. b4 Rb8 31. Rdc2
Bd7 32. a3 Ra6 33. Rc3 Rba8 34. Rc5 f6 35. Rc7 Rd6 36. R7c3 Ke6 37. Kf2
Rda6 38. Ra1 Ra4 39. Rb3 Bb5 40. Ke3 Ke7 41. g3 Bc4 42. Rc3 Be6 43. b5 Rb8
44. Rb1 Bd7 45. b6 Rb7 46. Rc7 Rxa3+ 47. Kd2 Rxc7 48. bxc7 Ra7 49. Rc1 Ra8
50. f4 Rc8 51. Ke3 Kd6 52. Kf3 Rxc7 53. Rxc7 Kxc7 54. h4 Kd6 55. Ke3 Bc6
56. f5 Kc5 57. g4 h6 58. Kd3 Kb4 59. Kd2 Kc4 60. Ke3 Kc3 61. h5 Bb7 { White
resigns } 0-1

[Event "ICC tourney 2308 (3 2)"]
[Site "Internet Chess Club"]
[Date "2021.01.15"]
[Round "3"]
[White "PearsonH"]
[Black "ZYCON"]
[Result "1-0"]
[ICCResult "Black checkmated"]
[WhiteElo "1752"]
[BlackElo "1385"]
[Opening "Queen's pawn: London system"]
[ECO "A45"]
[NIC "QP.07"]
[Time "20:31:10"]
[PlyCount "111"]
[TimeControl "180+2"]

1. d4 Nf6 2. Bf4 d5 3. e3 c5 4. c3 Nc6 5. Nd2 g6 6. Be2 Bg7 7. h4 O-O 8. h5
cxd4 9. exd4 Bf5 10. hxg6 fxg6 11. Ngf3 Ne4 12. Nxe4 Bxe4 13. Bg3 Rc8 14.
Bd3 Bxf3 15. gxf3 e5 16. dxe5 Bxe5 17. Bxe5 Nxe5 18. Be2 Qf6 19. Qxd5+ Kg7
20. Qd2 h5 21. O-O-O Nxf3 22. Bxf3 Qxf3 23. Qd7+ Qf7 24. Qd4+ Qf6 25. Qe3
Qxf2 26. Rd7+ Kg8 27. Qe6+ Rf7 28. Qxg6+ Kf8 29. Rxf7+ Qxf7 30. Qd6+ Qe7
31. Rf1+ Ke8 32. Qg6+ Kd8 33. Qg8+ Kd7 34. Qd5+ Kc7 35. Rf7 Qxf7 36. Qxf7+
Kb8 37. Qxh5 a6 38. Qe5+ Ka7 39. Kd2 Rd8+ 40. Ke3 Rd7 41. c4 Rd8 42. Qc5+
Kb8 43. b4 Rc8 44. Qd6+ Ka7 45. c5 Rc6 46. Qd4 Kb8 47. a4 Ka7 48. b5 axb5
49. axb5 Re6+ 50. Kf4 b6 51. Qd7+ Kb8 52. Qxe6 bxc5 53. Qc6 c4 54. b6 c3
55. Qc7+ Ka8 56. Qa7# { Black checkmated } 1-0

[Event "ICC tourney 2308 (3 2)"]
[Site "Internet Chess Club"]
[Date "2021.01.15"]
[Round "3"]
[White "Volkov"]
[Black "CaptK"]
[Result "1-0"]
[ICCResult "Black resigns"]
[WhiteElo "2607"]
[BlackElo "2368"]
[Opening "QGD semi-Slav: Stoltz variation"]
[ECO "D45"]
[NIC "SL.08"]
[Time "20:31:12"]
[PlyCount "123"]
[TimeControl "180+2"]

1. d4 d5 2. c4 c6 3. e3 Nf6 4. Nc3 e6 5. Nf3 Nbd7 6. Qc2 Bd6 7. b3 O-O 8.
Be2 b6 9. O-O Bb7 10. Bb2 Qe7 11. a4 a5 12. Rad1 Rac8 13. e4 dxe4 14. Nxe4
Nxe4 15. Qxe4 Nf6 16. Qe3 c5 17. dxc5 Bxc5 18. Bd4 Rfd8 19. Ne5 Nd7 20.
Nxd7 Rxd7 21. Bxc5 bxc5 22. Rxd7 Qxd7 23. Rd1 Qc7 24. Rd3 h6 25. h3 Qb6 26.
Bf3 Bxf3 27. Qxf3 Rd8 28. Rxd8+ Qxd8 29. Qe3 Qd1+ 30. Kh2 Qd6+ 31. g3 f5
32. Qc3 Qd4 33. Qe1 Kf7 34. Kg1 Qd8 35. h4 Kf6 36. Qc3+ e5 37. Kg2 Qa8+ 38.
Kh2 Qd8 39. Kg1 Qd1+ 40. Kg2 Qd8 41. Kh2 g6 42. Kg2 Qa8+ 43. Kg1 Qd8 44.
Qe3 Qd1+ 45. Kg2 Qd4 46. Qxh6 Qe4+ 47. Kh2 Qd4 48. Qg5+ Kf7 49. Kg2 Qe4+
50. Kh2 Qd4 51. Qe3 Kf6 52. Qe1 Kf7 53. Kg1 Ke6 54. Qxa5 Qd1+ 55. Kg2 Qxb3
56. Qxc5 Qxa4 57. Qd5+ Kf6 58. Qd6+ Kf7 59. Qd5+ Kf6 60. c5 Qc2 61. Qd6+
Kf7 62. Qxe5 { Black resigns } 1-0

[Event "ICC tourney 2308 (3 2)"]
[Site "Internet Chess Club"]
[Date "2021.01.15"]
[Round "3"]
[White "Sparta250"]
[Black "Assured"]
[Result "0-1"]
[ICCResult "White resigns"]
[WhiteElo "2702"]
[BlackElo "2552"]
[Opening "Scandinavian (center counter) defense"]
[ECO "B01"]
[NIC "SD.02"]
[Time "20:31:20"]
[PlyCount "118"]
[TimeControl "180+2"]

1. e4 d5 2. exd5 Qxd5 3. Nc3 Qd8 4. d4 c6 5. Bc4 Bf5 6. g4 Bg6 7. f4 e6 8.
Nf3 Nd7 9. O-O Ngf6 10. Ne5 Nxe5 11. fxe5 Nd5 12. Qf3 Bb4 13. Nxd5 exd5 14.
Bd3 O-O 15. Bf5 Be7 16. c3 c5 17. Be3 c4 18. Rae1 a5 19. b3 cxb3 20. axb3
a4 21. bxa4 Rxa4 22. Rb1 Qc7 23. Bf4 Qc6 24. Rb3 Rfa8 25. Rfb1 Ra1 26. Qd3
Rxb1+ 27. Qxb1 Ra7 28. Kg2 Qc4 29. Kf3 Ra3 30. Rxa3 Bxa3 31. Qxb7 Qxc3+ 32.
Be3 Qc4 33. Qc8+ Qxc8 34. Bxc8 Be4+ 35. Ke2 Kf8 36. Bf5 Bxf5 37. gxf5 g6
38. Kf3 Be7 39. Bh6+ Ke8 40. Kf4 Bh4 41. e6 fxe6 42. fxe6 Bf6 43. Bg5 Bxd4
44. h4 Bg7 45. Ke3 h6 46. Bxh6 Bxh6+ 47. Kd4 Ke7 48. Kxd5 Bg7 49. Ke4 Kxe6
50. Kf4 Bh6+ 51. Kg4 Ke5 52. Kf3 Kf5 53. Kg3 Bf4+ 54. Kf3 Bc1 55. Kg3 Bb2
56. Kh3 Be5 57. h5 g5 58. h6 Kg6 59. Kg4 Kxh6 { White resigns } 0-1

[Event "ICC tourney 2308 (3 2)"]
[Site "Internet Chess Club"]
[Date "2021.01.15"]
[Round "3"]
[White "MasterZachary"]
[Black "Dlugy"]
[Result "1/2-1/2"]
[ICCResult "Game drawn by repetition"]
[WhiteElo "2307"]
[BlackElo "2607"]
[Opening "Sicilian: Richter-Rauzer, Margate (Alekhine) variation"]
[ECO "B62"]
[NIC "SI.27"]
[Time "20:31:58"]
[PlyCount "95"]
[TimeControl "180+2"]

1. e4 c5 2. Nf3 d6 3. d4 cxd4 4. Nxd4 Nf6 5. Nc3 Nc6 6. Bg5 e6 7. Bb5 Bd7
8. Qd3 Be7 9. O-O-O O-O 10. Bxc6 bxc6 11. Nb3 Ne8 12. Bxe7 Qxe7 13. f4 d5
14. Rhe1 Qb4 15. a3 Qb8 16. e5 Bc8 17. Nc5 Nc7 18. Qd4 a5 19. g4 Nb5 20.
Nxb5 cxb5 21. Rg1 b4 22. a4 Ra7 23. h4 Rc7 24. h5 Qb6 25. Nb3 Qc6 26. Rd2
Qxa4 27. Kb1 Rc4 28. Qe3 Re4 29. Qg3 Qb5 30. h6 g6 31. Qh4 Rxf4 32. Nd4 Qa6
33. Qg5 Rf1+ 34. Rd1 Rxd1+ 35. Rxd1 f6 36. exf6 Qd6 37. Rf1 Rf7 38. Nf3 Ba6
39. Rf2 Qg3 40. Qe3 Rxf6 41. Qd4 Rf7 42. Qb6 Bc8 43. Qd8+ Rf8 44. Qe7 Rf7
45. Qe8+ Rf8 46. Qe7 Rf7 47. Qe8+ Rf8 48. Qe7 { Game drawn by repetition }
1/2-1/2

[Event "ICC tourney 2308 (3 2)"]
[Site "Internet Chess Club"]
[Date "2021.01.15"]
[Round "3"]
[White "DualMoneytime"]
[Black "stephenwilly"]
[Result "1-0"]
[ICCResult "Black checkmated"]
[WhiteElo "1982"]
[BlackElo "1460"]
[Opening "Evans gambit declined, 5.a4"]
[ECO "C51"]
[NIC "IG.05"]
[Time "20:31:14"]
[PlyCount "101"]
[TimeControl "180+2"]

1. e4 e5 2. Nf3 Nc6 3. Bc4 Bc5 4. b4 Bb6 5. a4 a5 6. b5 Nd4 7. Nxe5 Nh6 8.
O-O Qf6 9. Nd3 d5 10. exd5 Bg4 11. Qe1+ Kf8 12. Qe5 Qh4 13. Ba3+ Kg8 14.
Nc3 Bf3 15. Qg3 Qxg3 16. hxg3 Be2 17. Nxe2 Nxe2+ 18. Kh1 Nd4 19. c3 Ndf5
20. Ne5 Re8 21. d4 g6 22. Nd7 Kg7 23. Nxb6 cxb6 24. Rae1 Rc8 25. Bd3 Rxc3
26. Bxf5 Nxf5 27. Bb2 Rb3 28. Ba1 Rd8 29. g4 Nh6 30. Re7 Rxd5 31. Rxb7 Nxg4
32. Rxb6 Rh5+ 33. Kg1 Rb4 34. d5+ f6 35. d6 Ne5 36. Rd1 Rbh4 37. Rb7+ Kh6
38. g4 Rh1+ 39. Kg2 R5h2+ 40. Kg3 Rh3+ 41. Kg2 Rxd1 42. Kxh3 Rxd6 43. Bxe5
fxe5 44. Ra7 Rd3+ 45. Kg2 Kg5 46. Rxa5 Kxg4 47. b6 Rb3 48. Rb5 Ra3 49. b7
e4 50. b8=Q e3 51. Qg3# { Black checkmated } 1-0

[Event "ICC tourney 2308 (3 2)"]
[Site "Internet Chess Club"]
[Date "2021.01.15"]
[Round "3"]
[White "Ayushb"]
[Black "GLeschinsky"]
[Result "0-1"]
[ICCResult "White resigns"]
[WhiteElo "1769"]
[BlackElo "2103"]
[Opening "Caro-Kann: exchange variation"]
[ECO "B13"]
[NIC "CK.02"]
[Time "20:31:16"]
[PlyCount "130"]
[TimeControl "180+2"]

1. e4 c6 2. d4 d5 3. exd5 cxd5 4. Bd3 Nc6 5. c3 Nf6 6. Nf3 Bg4 7. O-O e6 8.
Bg5 Be7 9. Nbd2 O-O 10. h3 Bxf3 11. Nxf3 h6 12. Bf4 Bd6 13. Ne5 Rb8 14. Re1
Qc7 15. Qe2 Nd7 16. Bg3 a6 17. a4 Rfe8 18. Qh5 Bxe5 19. dxe5 b5 20. axb5
axb5 21. Bf4 Nf8 22. Re3 Ne7 23. Rg3 Neg6 24. Qg4 h5 25. Qg5 Qe7 26. Qxe7
Rxe7 27. Bg5 Rc7 28. f4 b4 29. Rc1 bxc3 30. bxc3 Rbc8 31. Ba6 Ra8 32. Bd3
Ra3 33. Kh2 Raxc3 34. Rxc3 Rxc3 35. Bxg6 Rxg3 36. Bxf7+ Kxf7 37. Kxg3 Kg6
38. Be7 Nd7 39. Kf3 Kf7 40. Bb4 Nb6 41. g4 Kg6 42. Ke3 Nc4+ 43. Kd4 Nb2 44.
Bd2 Nd1 45. f5+ Kf7 46. Bg5 hxg4 47. hxg4 Nf2 48. fxe6+ Kxe6 49. Bf4 Nxg4
50. Bg3 g6 51. Bf4 Nf2 52. Bg5 Ne4 53. Bf4 g5 54. Bh2 g4 55. Bg1 Ng5 56.
Be3 Nf3+ 57. Kd3 Kxe5 58. Ke2 Ke4 59. Bg1 d4 60. Bxd4 Nxd4+ 61. Kf2 Kf4 62.
Kg2 g3 63. Kg1 Kf3 64. Kf1 g2+ 65. Kg1 Ne2+ { White resigns } 0-1